 Dungeon Sprint DCSS version 0.19.0-22-gd96e5fe (webtiles) character file.

1213 dobroeutro the Brawler (level 8, -5/74 HPs)
             Began as a Troll Berserker on Nov 19, 2016.
             Was an Elder of Trog.
             Slain by a demonic crawler (7 damage)
             ... in the Dungeon (Sprint I: "Red Sonja").
             The game lasted 00:01:32 (449 turns).

dobroeutro the Brawler (Troll Berserker)             Turns: 449, Time: 00:01:33

Health: -5/74      AC:  5    Str: 27    XL:     8   Next: 22%
Magic:  7/7        EV: 10    Int:  3    God:    Trog [****..]
Gold:   418        SH:  0    Dex: 10    Spells: 0 memorised, 7 levels left

rFire  . . .     SeeInvis .       - Unarmed
rCold  . . .     Gourm    +     a - +0 animal skin
rNeg   . . .     Faith    .     (no shield)
rPois  .         Spirit   .     (helmet restricted)
rElec  .         Reflect  .     (no cloak)
rCorr  .         Harm     .     (gloves unavailable)
MR     .....     NoTele   +     (boots unavailable)
Stlth  +.........               (no amulet)
                                (no ring)
                                (no ring)

@: no status effects
A: unfitting armour, claws 3, fast metabolism 3, gourmand, regeneration 1,
shaggy fur 1, tough skin 2
a: Berserk, Trog's Hand, Brothers in Arms, Burn Spellbooks, Renounce Religion


You were in the Dungeon.
You worshipped Trog.
Trog was greatly pleased with you.
You were full.

You visited 1 branch You collected 418 gold pieces.

Inventory:

Armour
 a - a +0 animal skin (worn)
Scrolls
 h - a scroll of blinking
 j - a scroll of immolation {unknown}
Potions
 c - a potion of curing
 d - a potion of heal wounds
 e - a potion of haste
 f - 2 potions of magic
 g - a potion of berserk rage
 i - a potion of lignification {unknown}
Comestibles
 b - 2 bread rations


   Skills:
 + Level 2.4 Fighting
 + Level 0.0 Armour
 + Level 2.4 Dodging
 + Level 17.1 Unarmed Combat


You had 7 spell levels left.
You didn't know any spells.

Dungeon Overview and Level Annotations

Branches:
Dungeon (1/1)

Altars:
Cheibriados
Dithmenos
Elyvilon
Fedhas
Gozag
Hepliaklqana
Kikubaaqudgha
Makhleb
Okawaru
Qazlal
Ru
Sif Muna
Trog
Uskayaw
Vehumet
Xom
Yredelemnul
Zin
The Shining One
Jiyva
Lugonu

Shops:
D (

Annotations:
D exclusion: door


Innate Abilities, Weirdness & Mutations

You are too large for most types of armour.
You have claws for hands.
Your metabolism is lightning-fast.
You like to eat raw meat.
Your natural rate of healing is unusually fast.
You are covered in fur. (AC +1)
You have very tough skin. (AC +2)


Message History

The demonic crawler hits you!
The demonic crawler hits you but does no damage.
The demonic crawler hits you. The demonic crawler hits you!
* * * LOW HITPOINT WARNING * * *
Things that are here:
a dagger; a robe; a kobold corpse
There is an open door here.
The demonic crawler hits you.
* * * LOW HITPOINT WARNING * * *
The demonic crawler hits you.
* * * LOW HITPOINT WARNING * * *
The demonic crawler hits you but does no damage.
There is an open door here.
You feel less exhausted. The demonic crawler hits you.
* * * LOW HITPOINT WARNING * * *
The demonic crawler hits you.
* * * LOW HITPOINT WARNING * * *
The demonic crawler hits you!
You die...

##########################
#<.#..').#.)'..#__#ss')..#
#..').#..'..#..'@.s..#)..##+#
#..#####'#####'#_s####.s.'..#
#..# #..#...#.####§§#####..+
#..#__####..##(#§§≈§c ##
#..#_____##'#..+≈§§§
#⌠⌠#_.∩...'..._#
####_..__##_.#'# #____ ##+#.#
#### ###


You could see 4 demonic crawlers.

Vanquished Creatures
  2 kobold demonologists (D)
  A slime creature (D)
  Sigmund (D)
  A yak (D)
  A floating eye (D)
  An ogre (D)
  A jelly (D)
  Ijyb (D)
9 creatures vanquished.

Vanquished Creatures (others)
  A gargoyle (D)
1 creature vanquished.

Grand Total: 10 creatures vanquished

Notes
Turn   | Place    | Note
-------+----------+-------------------------------------------
     0 | D        | dobroeutro the Troll Berserker began the quest for the Orb.
     0 | D        | Reached XP level 1. HP: 22/22 MP: 0/0
     1 | D        | Noticed Ijyb
     8 | D        | Killed Ijyb
     8 | D        | Reached skill level 6 in Unarmed Combat
     8 | D        | Reached XP level 2. HP: 29/29 MP: 1/1
    14 | D        | Noticed an ogre
    22 | D        | Killed an ogre
    22 | D        | Reached skill level 9 in Unarmed Combat
    22 | D        | Reached XP level 3. HP: 11/36 MP: 2/2
    22 | D        | Reached XP level 4. HP: 14/44 MP: 3/3
    66 | D        | Killed a gargoyle
   186 | D        | Noticed Sigmund
   192 | D        | Killed Sigmund
   192 | D        | Reached ** piety under Trog
   192 | D        | Reached skill level 12 in Unarmed Combat
   192 | D        | Reached XP level 5. HP: 50/50 MP: 4/4
   192 | D        | Reached XP level 6. HP: 59/59 MP: 5/5
   235 | D        | Found a deep blue altar of Sif Muna.
   237 | D        | Found a radiant altar of Vehumet.
   262 | D        | Found Ceve's Antique Weapon Emporium.
   262 | D        | Found an ancient bone altar of Kikubaaqudgha.
   262 | D        | Found a hazy altar of Hepliaklqana.
   262 | D        | Found a hide-covered altar of Uskayaw.
   262 | D        | Found a basalt altar of Yredelemnul.
   262 | D        | Found an opulent altar of Gozag.
   262 | D        | Found a snail-covered altar of Cheibriados.
   262 | D        | Found a sacrificial altar of Ru.
   262 | D        | Found a shadowy altar of Dithmenos.
   262 | D        | Noticed a yak
   267 | D        | Killed a yak
   267 | D        | Reached skill level 14 in Unarmed Combat
   268 | D        | Found a stormy altar of Qazlal.
   268 | D        | Found a blossoming altar of Fedhas.
   268 | D        | Found a bloodstained altar of Trog.
   268 | D        | Found an iron altar of Okawaru.
   268 | D        | Found a glowing golden altar of the Shining One.
   268 | D        | Found a glowing silver altar of Zin.
   268 | D        | Found a white marble altar of Elyvilon.
   278 | D        | Noticed a centaur warrior
   284 | D        | Found a viscous altar of Jiyva.
   284 | D        | Found a corrupted altar of Lugonu.
   284 | D        | Noticed a slime creature
   285 | D        | Found a burning altar of Makhleb.
   285 | D        | Found a shimmering altar of Xom.
   290 | D        | Killed a slime creature
   290 | D        | Reached *** piety under Trog
   290 | D        | Reached skill level 15 in Unarmed Combat
   290 | D        | Reached XP level 7. HP: 6/66 MP: 6/6
   401 | D        | Noticed a kobold demonologist
   402 | D        | Noticed a kobold demonologist
   404 | D        | Killed a kobold demonologist
   404 | D        | Reached skill level 16 in Unarmed Combat
   409 | D        | Killed a kobold demonologist
   409 | D        | Reached **** piety under Trog
   409 | D        | Reached skill level 17 in Unarmed Combat
   409 | D        | Reached XP level 8. HP: 74/74 MP: 7/7
   439 | D        | Noticed a demonic crawler
   439 | D        | Noticed a demonic crawler
   439 | D        | Noticed a demonic crawler
   439 | D        | Noticed a demonic crawler
   449 | D        | HP: 2/74 [demonic crawler (6)]
   449 | D        | Slain by a demonic crawler

Skill      XL: |  1  2  3  4  5  6  7 |
---------------+----------------------+-----
Unarmed Combat | 6 9 12 15 17 | 17.1
Fighting       | |  2.4
Dodging        | |  2.4

Action                   |  1- 3 |  4- 6 |  7- 9 || total
-------------------------+-------+-------+-------++-------
Melee: Unarmed           |    13 |    17 |     7 ||    37
Invok: Berserk           |       |     1 |     1 ||     2
  Eat: Chunk             |       |     7 |       ||     7
Armor: Animal skin       |     2 |     3 |     6 ||    11
Dodge: Dodged            |     7 |     2 |     4 ||    13
